Map: Kairos Junction LE

Players

LiquidTLO (TLO)

  • Race: Zerg Zerg
  • League: Grandmaster
  • Spawn Location: 11:00

SortOf - Winner!

  • Race: Zerg Zerg
  • League: Master
  • Spawn Location: 5:00

Event: HomeStory Cup XIX

VOD

Have the link to the VOD?

Description

Time

  • Played on: June 27, 2019, 4:30 p.m.
  • Length: 6:47

All games in this series

Show
View Real Time Build Order
Export as new Build Order

LiquidTLO Zerg 

Build Orders: Hatch First 

Get SALT Encoding   

  12  0:01  Drone  
  13  0:12  Overlord  
  13  0:16  Drone  
  14  0:30  Drone  
  14  0:31  Drone  
  16  0:49  Hatchery  
  15  0:52  Drone  
  15  0:56  Drone  
  17  0:59  Drone  
  18  1:12  Spawning Pool  
  18  1:16  Drone  
  18  1:19  Extractor  
  18  1:21  Drone  
  18  1:28  Drone  
  19  1:38  Overlord  
  19  1:49  Drone  
  20  1:59  Queen  
  20  2:01  Zergling x4, Queen  
  26  2:11  Drone  
  26  2:12  Drone  
  28  2:20  Metabolic Boost  
  28  2:23  Drone x2  
  30  2:37  Hatchery  
  29  2:45  Evolution Chamber  
  29  2:46  Drone  
  29  2:48  Drone  
  30  2:54  Overlord  
  30  2:55  Drone  
  31  3:00  Zergling x2  
  31  3:01  Zergling x2  
  33  3:08  Overlord  
  33  3:13  Zerg Melee Weapons Level 1  
  33  3:15  Drone  
  33  3:19  Drone x2  
  36  3:33  Overlord  
  36  3:34  Drone  
  37  3:39  Drone  
  37  3:40  Queen  
  40  3:42  Drone x2  
  40  3:48  Zergling x6  
  45  3:52  Overlord  
  45  3:56  Drone x2  
  45  4:01  Zergling x4  
  45  4:02  Zergling x2  
  50  4:06  Overlord  
  50  4:10  Overlord  
  50  4:11  Zergling x2  
  50  4:16  Zergling x2  
  53  4:17  Zergling x4  
  53  4:18  Zergling x2  
  53  4:21  Zergling x2  
  53  4:23  Zergling x2  
  57  4:27  Zergling x6  
  57  4:29  Zergling x2  
  62  4:31  Zergling x2  
  62  4:36  Zergling x2  
  63  4:40  Zergling x2  
  63  4:43  Zergling x2  
  63  4:44  Zergling x4  
  67  4:46  Zergling x2  
  67  4:48  Zergling x2  
  67  4:49  Overlord  
  67  4:52  Zergling x2  
  70  4:54  Zergling x2  
  70  4:55  Zergling x2  
  70  4:58  Zergling x2  
  70  4:59  Zergling x2  
  71  5:08  Zergling x2  
  71  5:09  Zergling x2  
  71  5:10  Zergling x4  
  71  5:11  Zergling x4  
  77  5:16  Zergling x2  
  77  5:17  Zergling x4  
  77  5:19  Zergling x2  
  77  5:20  Zergling x2  
  71  5:24  Zergling x2  
  71  5:28  Zergling x2  
  60  5:31  Zergling x2  
  60  5:33  Zergling x2  
  55  5:36  Queen  
  55  5:40  Zergling x2  
  56  5:43  Zergling x2  
  56  5:45  Zergling x2  
  56  5:49  Hatchery  
  51  5:50  Zergling x2  
  51  5:52  Zergling x2  
  51  5:55  Zergling x2  
  49  5:59  Queen  
  49  6:00  Queen  
  49  6:01  Zergling x2  
  54  6:10  Zergling x2  
  52  6:11  Zergling x2  
  52  6:12  Zergling x8  
  55  6:19  Zergling x6  
  55  6:21  Zergling x4  
  55  6:25  Zergling x2  
Show
View Real Time Build Order
Export as new Build Order

SortOf Zerg - Winner!

Build Orders: Hatch First 

Get SALT Encoding   

  12  0:00  Drone  
  13  0:12  Overlord  
  13  0:16  Drone  
  14  0:30  Drone  
  14  0:31  Drone  
  16  0:48  Hatchery  
  15  0:51  Drone  
  15  0:54  Drone  
  17  0:57  Drone  
  18  1:11  Spawning Pool  
  17  1:12  Extractor  
  17  1:15  Drone  
  17  1:19  Drone  
  18  1:28  Drone  
  19  1:38  Drone  
  20  1:49  Overlord  
  20  1:57  Queen  
  20  1:59  Queen  
  20  2:00  Drone x2  
  26  2:12  Drone x2  
  28  2:23  Zergling x2  
  28  2:28  Zergling x2  
  30  2:31  Extractor  
  30  2:32  Drone x2  
  30  2:35  Queen  
  30  2:36  Lair  
  33  2:43  Drone x2  
  35  2:50  Evolution Chamber  
  34  2:56  Roach Warren  
  34  2:57  Drone x2  
  35  3:05  Drone  
  36  3:08  Overlord  
  36  3:16  Overlord  
  36  3:23  Zerg Missile Weapons Level 1  
  36  3:26  Queen  
  36  3:36  Roach x4  
  36  3:40  Glial Reconstitution  
  44  3:45  Roach  
  46  3:51  Overlord  
  46  3:54  Roach  
  48  3:56  Roach  
  48  3:59  Roach  
  52  4:05  Overlord  
  52  4:13  Roach x2  
  56  4:17  Roach  
  56  4:20  Overlord  
  56  4:23  Roach  
  60  4:26  Roach  
  60  4:31  Roach  
  64  4:34  Roach  
  64  4:37  Roach  
  68  4:41  Roach  
  68  4:44  Roach  
  72  4:48  Roach  
  76  5:00  Roach  
  76  5:01  Overlord  
  76  5:03  Overlord  
  76  5:12  Overlord  
  76  5:20  Roach  
  74  5:22  Roach x3  
  74  5:24  Roach  
  68  5:29  Roach  
  60  5:36  Roach x2  
  60  5:42  Ravager  
  65  5:43  Roach  
  65  5:45  Roach  
  65  5:47  Roach  
  62  5:54  Roach  
  62  5:57  Queen  
  62  6:01  Roach  
  66  6:05  Roach  
  66  6:12  Roach x2  
  68  6:19  Roach x3  
Tags
 
Add a new tag
Caveats
  • Supply blocks, unpowered buildings, or Contaminate may cause inaccurate times.
  • Supply counts are checked every 10 seconds.